 Dungeon Crawl Stone Soup version 0.30-a0-711-gf4ac18a38d (webtiles) character file.

Game seed: 17822257721332624833

14934 wormed the Covert (level 11, 0/86 HPs)
             Began as a Demonspawn Fire Elementalist on Jan 22, 2023.
             Was an Elder of Vehumet.
             Succumbed to a cane toad's poison
             ... on level 3 of the Lair of Beasts.
             The game lasted 00:29:17 (13680 turns).

wormed the Covert (Demonspawn Fire Elementalist)   Turns: 13680, Time: 00:29:18

Health: 0/86       AC: 13    Str:  8    XL:     11   Next: 95%
Magic:  19/22      EV: 19    Int: 21    God:    Vehumet [****..]
Gold:   671        SH:  0    Dex: 14    Spells: 19/25 levels left

rFire   . . .      SeeInvis .    B - staff of conjuration
rCold   . . .      Faith    .    (no shield)
rNeg    . . .      Spirit   .    A - +0 troll leather armour
rPois   .          Reflect  .    y - +2 hat
rElec   .          Harm     .    f - +0 cloak
rCorr   .          Rampage  .    r - +0 pair of gloves
Will    .....                    e - +1 pair of boots
Stlth   ++++                     p - amulet of magic regeneration
HPRegen 1.14/turn                a - ring of flight
MPRegen 0.58/turn                c - +5 ring of evasion

@: lethally poisoned (0 -> -3), flying
A: slimy green scales 2, weakness stinger 2
a: Renounce Religion


You were on level 3 of the Lair of Beasts.
You worshipped Vehumet.
Vehumet was greatly pleased with you.
You visited 3 branches of the dungeon, and saw 13 of its levels.

You collected 671 gold pieces.

Inventory:

Hand Weapons
 u - a +2 rapier of venom
Armour
 e - a +1 pair of boots (worn)
 f - a +0 cloak (worn)
 i - a +3 leather armour
 l - the +1 robe of Yhahumaf {rC+ Int+3}
   (You found it on level 2 of the Dungeon)

   Int:       It affects your intelligence (+3).
   rC:        It protects you from cold.
 r - a +0 pair of gloves (worn)
 y - a +2 hat (worn)
 A - a +0 troll leather armour (worn)
Magical Staves
 B - a staff of conjuration (weapon)
Jewellery
 a - a ring of flight (left hand)
 c - a +5 ring of evasion (right hand)
 p - an amulet of magic regeneration (around neck)
 E - a ring of positive energy
Wands
 w - a wand of paralysis (18) (quivered)
 C - a wand of acid (2)
 F - a wand of flame (1)
 G - a wand of polymorph (5)
Scrolls
 q - 3 scrolls of enchant weapon
 s - a scroll of immolation
 x - a scroll of fog
 D - 5 scrolls of identify
 H - a scroll of torment
 J - a scroll of amnesia {unknown}
Potions
 b - 3 potions of flight
 d - 5 potions of brilliance
 g - 4 potions of might
 h - 3 potions of heal wounds {unknown}
 j - a potion of attraction {unknown}
 k - 3 potions of berserk rage {unknown}
 m - a potion of lignification {unknown}
 n - 2 potions of haste
 o - 2 potions of mutation {unknown}
 t - a potion of curing
 v - 2 potions of magic


   Skills:
 + Level 8.0 Fighting
 + Level 7.5 Dodging
 + Level 8.3 Stealth
 + Level 7.6 Spellcasting
 + Level 8.0 Conjurations
 + Level 7.9 Fire Magic


You had 19 spell levels left.
You knew the following spells:

 Your Spells              Type           Power      Damage    Failure   Level
a - Foxfire               Conj/Fire      100%       2x1d9     1%          1
b - Scorch                Fire           82%        2d9       1%          2
c - Inner Flame           Hex/Fire       24%        N/A       1%          3

Your spell library contained the following spells:

 Spells                   Type           Power      Damage    Failure   Level
 Olgreb's Toxic Radiance  Pois           8%         N/A       30%         4
 Magic Dart               Conj           100%       1d8       1%          1
 Stone Arrow              Conj/Erth      74%        3d11      1%          3
 Flame Wave               Conj/Fire      58%        2d14      1%          4
 Sandblast                Erth           16%        2d6       3%          1
 Kindle Blastsparks       Fire/Tloc/Air  38%        2d13      3%          3
 Mephitic Cloud           Conj/Pois/Air  28%        N/A       3%          3
 Apportation              Tloc           16%        N/A       12%         1
 Necrotise                Necr           32%        1d5       12%         1
 Summon Small Mammal      Summ           32%        N/A       12%         1
 Call Imp                 Summ           8%         N/A       19%         2
 Passwall                 Tmut/Erth      6%         N/A       19%         2
 Vampiric Draining        Necr           8%         2d6       36%         3
 Agony                    Necr           8%         N/A       98%         5


Dungeon Overview and Level Annotations

Branches:
Dungeon (9/15)             Temple (1/1) D:4            Lair (3/5) D:8
 Shoals (0/4) Lair:3       Spider (0/4) Lair:2
    Orc: D:9-12

Altars:
Ashenzari
Cheibriados
Dithmenos
Fedhas
Gozag
Hepliaklqana
Kikubaaqudgha
Makhleb
Nemelex Xobeh
Qazlal
Ru
Sif Muna
Trog
Uskayaw
Vehumet
Wu Jian
Xom
Yredelemnul

Annotations:
D:4 2 runed translucent doors, SpyderV's ghost, amateur MiFi


Innate Abilities, Weirdness & Mutations

You are mostly covered in slimy green scales. (AC +3)
You have a tail ending in a sharp stinger.


Message History

There is a stone staircase leading down here.
You start resting.
Magic restored.
You start resting.
HP restored.
You fly downwards.
The cane toad misses you. The cane toad stings you!
You are poisoned.
The cane toad poisons you!
There is a stone staircase leading up, spattered with blood here.
Casting: Scorch (safe; 1% risk of failure)
Confirm with . or Enter, or press ? or * to list all spells.
Aiming: Inner Flame (safe; 1% risk of failure)
Press: ? - help, Dir - move target, f - cane toad
Aim: a cane toad (chance to affect: 79%)
The cane toad is filled with an inner flame.
You feel very sick.
The cane toad stings you but does no damage.
Casting: Inner Flame (safe; 1% risk of failure)
Confirm with . or Enter, or press ? or * to list all spells.
Flames lash the cane toad.
Flame seeps out of the cane toad.
The cane toad is moderately wounded.
The cane toad's fire resistance burns away.
You feel very sick.
The cane toad is engulfed in blazing flames.
Flame seeps out of the cane toad.
The cane toad stings you.
The cane toad is engulfed in blazing flames.
Flame seeps out of the cane toad.
The cane toad stings you.
Casting: Scorch (safe; 1% risk of failure)
Confirm with . or Enter, or press ? or * to list all spells.
Flames lash the cane toad.
The cane toad is burned terribly!
Vehumet accepts your kill.
You feel your power returning.
The cane toad explodes!
The fiery explosion engulfs you!
You are engulfed in blazing flames.
You feel very sick.
Your Fighting skill increases to level 8!
Your Conjurations skill increases to level 8!
You are engulfed in blazing flames.
* * * LOW HITPOINT WARNING * * *
You die...

....##..##.......#.#####P.#
..○#.#P..#........## ##.#
........##.......########.#
°...#............###......##
...##............##........#
...##........B...###...##.##
........#........###....P.##
...##...#........##........#
...###...#....§§@###....#.##
.....P.#.#....§°.###.####.#
.........>.........#..#.#.#
..........................#
..........................##
.........÷...............PP#
......................<..P.#
.....#######..........>....#
..#### #....###..####.##


You could see a boulder beetle.

Vanquished Creatures
  A black mamba (Lair:3)
  4 cane toads
  A rime drake (Lair:2)
  4 komodo dragons
  A troll (D:9)
  2 polar bears
  2 hornets
  5 dream sheep (Lair:3)
  A spriggan (D:8)
  Eustachio (D:6)
  5 wyverns
  24 yaks
  2 basilisks (Lair:2)
  An acid dragon (D:9)
  6 water moccasins
  5 orc warriors
  A sky beast (D:7)
  3 black bears
  4 ogres
  4 centaurs
  9 wolves (Lair:1)
  A kobold brigand (D:7)
  Blork the orc (D:5)
  7 bullfrogs
  2 gnoll sergeants
  A necrophage (D:6)
  A scorpion (D:7)
  5 wights (D:8)
  5 killer bees (D:9)
  A howler monkey (D:7)
  A centaur zombie (D:8)
  4 gnoll boudas
  2 hounds
  5 jellies
  3 orc priests
  8 iguanas
  5 orc wizards
  A howler monkey zombie (D:8)
  25 gnolls
  12 adders
  A white imp (D:7)
  A dart slug (D:4)
  4 worms
  21 orcs
  9 ball pythons
  11 endoplasms
  2 goblins
  5 hobgoblins
  2 jackals
  20 kobolds
  5 quokkas
  5 bats
  3 frilled lizards
  4 rats
269 creatures vanquished.

Vanquished Creatures (others)
  317 foxfires
  21 fungi
  27 plants
  12 toadstools (D:2)
377 creatures vanquished.

Grand Total: 646 creatures vanquished

Notes
Turn   | Place    | Note
-------+----------+-------------------------------------------
     0 | D:1      | wormed the Demonspawn Fire Elementalist began the quest for
                  | the Orb.
     0 | D:1      | Reached XP level 1. HP: 13/13 MP: 3/3
  1122 | D:2      | Gained mutation: You have a small tail. [demonic ancestry]
  1122 | D:2      | Reached XP level 2. HP: 20/20 MP: 3/5
  1126 | D:2      | Learned a level 2 spell: Scorch
  1473 | D:2      | Gained mutation: You are partially covered in slimy green
                  | scales. (AC +2) [demonic ancestry]
  1473 | D:2      | Reached XP level 3. HP: 25/25 MP: 1/6
  1506 | D:2      | Reached skill level 1 in Fighting
  1575 | D:2      | Identified the +1 robe of Yhahumaf {rC+ Int+3}
  1844 | D:2      | Reached XP level 4. HP: 32/32 MP: 0/7
  2645 | D:2      | Learned a level 3 spell: Inner Flame
  2795 | D:3      | Found a faded altar of an unknown god.
  3333 | D:3      | Gained mutation: You are mostly covered in slimy green
                  | scales. (AC +3) [demonic ancestry]
  3333 | D:3      | Reached XP level 5. HP: 38/38 MP: 5/8
  3908 | D:4      | Found a runed translucent door.
  3916 | D:4      | Noticed SpyderV's ghost (amateur MiFi)
  4395 | D:4      | Found a runed translucent door.
  4482 | D:4      | Reached XP level 6. HP: 44/44 MP: 5/10
  5155 | D:4      | Found a staircase to the Ecumenical Temple.
  5297 | Temple   | Entered the Ecumenical Temple
  5338 | Temple   | Became a worshipper of Vehumet
  5794 | D:5      | Entered Level 5 of the Dungeon
  5964 | D:5      | Noticed Blork the orc
  6350 | D:5      | Killed Blork the orc
  6351 | D:5      | Reached XP level 7. HP: 45/51 MP: 4/12
  7880 | D:5      | Reached XP level 8. HP: 58/58 MP: 2/14
  7941 | D:5      | Found a blossoming altar of Fedhas.
  8383 | D:6      | Found a hide-covered altar of Uskayaw.
  8393 | D:6      | Noticed Eustachio
  8404 | D:6      | Killed Eustachio
  8591 | D:6      | Found an ancient bone altar of Kikubaaqudgha.
  8788 | D:6      | Reached * piety under Vehumet
  8788 | D:6      | Offered knowledge of Shock by Vehumet.
  9251 | D:7      | Reached skill level 5 in Fire Magic
  9367 | D:7      | Reached skill level 5 in Stealth
  9376 | D:7      | Reached XP level 9. HP: 57/66 MP: 10/16
  9727 | D:7      | Reached skill level 5 in Spellcasting
  9946 | D:8      | Reached skill level 5 in Fighting
  9946 | D:8      | Reached skill level 5 in Dodging
  9946 | D:8      | Reached skill level 5 in Conjurations
 10039 | D:8      | Offered knowledge of Kiss of Death by Vehumet.
 10043 | D:8      | Reached ** piety under Vehumet
 10174 | D:8      | Gained mutation: You have a tail ending in a sharp stinger.
                  | [demonic ancestry]
 10174 | D:8      | Reached XP level 10. HP: 60/76 MP: 15/18
 10248 | D:8      | Identified the +2 dagger "Qij Otoq" {holy, Drain rC+ Dex+3}
 10473 | D:8      | Found a staircase to the Lair.
 10503 | D:8      | Offered knowledge of Momentum Strike by Vehumet.
 10681 | D:8      | Found a basalt altar of Yredelemnul.
 10853 | D:9      | Reached *** piety under Vehumet
 11812 | Lair:1   | Entered Level 1 of the Lair of Beasts
 11909 | Lair:1   | Reached XP level 11. HP: 83/83 MP: 14/21
 11917 | Lair:1   | Offered knowledge of Dazzling Flash by Vehumet.
 11969 | Lair:1   | Noticed a wolf spider
 12143 | Lair:1   | HP: 4/84 [cloud of flame (5)]
 13009 | Lair:2   | Found a hole to the Spider Nest.
 13009 | Lair:2   | Noticed an orb spider
 13042 | Lair:2   | Reached **** piety under Vehumet
 13310 | Lair:3   | Offered knowledge of Olgreb's Toxic Radiance by Vehumet.
 13538 | Lair:3   | Noticed a boulder beetle
 13680 | Lair:3   | HP: 2/86 [cloud of flame (27)]
 13680 | Lair:3   | Succumbed to a cane toad's poison

Illustrated notes

Levels and vault maps discovered:
D:1:      scummos_arrival_gate, layout_basic, nicolae_hexahallways
D:2:      cheibrodos_fertilizer, layout_basic, nicolae_underground_beach
D:3:      layout_loops_ring, serial_glass, glass_columns_b, glass_columns_c,
          due_unseen_surprise, feat_on_display,
          shapermc_ecumenical_altar_totnotflames, kennysheep_donut,
          nrook_campfire
D:4:      kennysheep_six_static_rooms, layout_basic,
          minmay_temple_entry_nine_rooms, ebering_ghost_sewer_f,
          kennysheep_generic_room_2
D:5:      layout_rooms, hangedman_feature_mirror, uniq_blork_the_orc
D:6:      layout_loops_ring, mainiacjoe_overflow_24_doors,
          mainiacjoe_overflow_alcove_2, uniq_eustachio
D:7:      layout_gridville, st_stairs_14, grunt_ministairs_15,
          serial_bayou_pond_e
D:8:      layout_rooms, lemuel_zombie_altar_yredelemnul, lair_entry_dummy,
          minivault_25, the_hattery
D:9:      layout_roguey
Temple:   nicolae_temple_bog_church
Lair:1:   layout_cave_pods, serial_forest, infiniplex_forest_clump_small,
          infiniplex_forest_zigzag_1, infiniplex_forest_clump_small,
          infiniplex_forest_lined_2, infiniplex_forest_join,
          infiniplex_forest_fountain, infiniplex_forest_lined_3_way,
          infiniplex_forest_clump_double, infiniplex_forest_clump_C,
          nicolae_lair_run_with_the_wolves, infiniplex_staircase_pool
Lair:2:   layout_regular_city, nicolae_spider_entry_orb_guardian
Lair:3:   layout_regular_city, nicolae_shoals_entry_flooding, wad_woods_road_04

Skill      XL: |  1  2  3  4  5  6  7  8  9 10 11 |
---------------+----------------------------------+-----
Dodging        | 2 3 4 5 6 7 |  7.5
Stealth        | 2 3 4 5 6 7 8 |  8.3
Fighting       | 1 2 3 4 5 6 8 |  8.0
Fire Magic     | 3 4 5 6 7 |  7.9
Conjurations   | 2 3 4 5 6 8 |  8.0
Spellcasting   | 3 4 5 6 7 |  7.6

Action                     |  1- 3 |  4- 6 |  7- 9 | 10-12 || total
---------------------------+-------+-------+-------+-------++-------
  Melee: Unarmed           |     1 |       |       |       ||     1
         Dagger            |    29 |    47 |    43 |       ||   119
         Tailslap          |     1 |     6 |     7 |       ||    14
         Punch             |       |     2 |     1 |       ||     3
         Rapier            |       |       |     8 |     1 ||     9
  Throw: Throwing net      |       |       |       |     2 ||     2
   Cast: Foxfire           |    27 |    18 |    41 |   101 ||   187
         Scorch            |    12 |    99 |    92 |   118 ||   321
         Inner Flame       |       |     3 |    35 |   108 ||   146
  Evoke: Wand              |       |       |       |    13 ||    13
    Use: Scroll            |       |     8 |     7 |     6 ||    21
         Potion            |       |     1 |       |     3 ||     4
   Stab: Sleeping          |     1 |       |       |       ||     1
 Armour: Robe              |    12 |    25 |    27 |    22 ||    86
         Leather armour    |       |       |    18 |       ||    18
         Troll leather arm |       |       |       |    30 ||    30
  Dodge: Dodged            |    45 |    68 |    72 |    85 ||   270

Table legend: (Time is in decaauts)
 A = Elapsed time spent in this place.
 B = Non-inter-level travel time spent in this place.
 C = Inter-level travel time spent in this place.
 D = Time resting spent in this place.
 E = Time spent auto-exploring this place.
 F = Levels seen in this place.
 G = Mean time per level.
                   A        B        C        D        E       F      G
               +--------+--------+--------+--------+--------+-----+--------+
         Total |  13684 |  12624 |   1060 |    312 |   9718 |  13 | 1052.6 |
       Dungeon |  11766 |  10728 |   1038 |    226 |   8643 |   9 | 1307.3 |
        Temple |     64 |     42 |     22 |      0 |     30 |   1 |   64.0 |
          Lair |   1853 |   1853 |      0 |     86 |   1045 |   3 |  617.7 |
               +--------+--------+--------+--------+--------+-----+--------+

Top non-repeatable levels by time:
     D:4: 3259 daAuts
     D:2: 1696 daAuts
     D:3: 1623 daAuts
     D:1: 1001 daAuts
     D:9: 970 daAuts
     D:8: 904 daAuts
     D:6: 798 daAuts
  Lair:2: 798 daAuts
     D:7: 785 daAuts
     D:5: 726 daAuts
  Lair:1: 688 daAuts
  Lair:3: 367 daAuts
  Temple: 64 daAuts
